[Event "EYTCC Open U18 2018"]
[Site "Bad Blankeburg"]
[Date "2018.07.13"]
[Round "2"]
[White "Gorshtein, Ido"]
[Black "Vogel, Roven"]
[Result "0-1"]
[ECO "B10"]
[WhiteElo "2382"]
[BlackElo "2467"]
[Annotator "RC"]
[PlyCount "56"]
[EventDate "2018.07.12"]
[EventType "swiss"]
[EventCountry "GER"]
[SourceTitle "playchess.com"]
[Source "ChessBase"]
[SourceQuality "1"]
[TimeControl "40/5400+30:1800+30"]

1. e4 c6 2. Nf3 d5 3. exd5 cxd5 4. d4 Nc6 5. Ne5 Nf6 6. Bb5 Bd7 7. Nxd7 Qxd7 8. c3 e6 9. O-O Bd6 10. Nd2 O-O 11. Re1 Qc7 12. Nf1 a6 13. Bd3 Bf4 14. Ng3 Bxc1 15. Rxc1 g6 16. Qf3 Kg7 17. Ne2 Qb6 18. Rb1 Rae8 19. Nf4 e5 20. dxe5 Rxe5 21. Rxe5 Nxe5 22. Qg3 Re8 23. Bc2 Nc4 24. h3 Nd2 25. Rd1 Qxb2 26. Qd3 Nde4 27. Rb1 Qxa2 28. Rxb7 Nc5 0-1

[Event "EYTCC Open U18 2018"]
[Site "Bad Blankeburg"]
[Date "2018.07.13"]
[Round "2"]
[White "Parkhov, Yair"]
[Black "Martin, Julian"]
[Result "1-0"]
[ECO "D02"]
[WhiteElo "2364"]
[BlackElo "2415"]
[Annotator "NA RC"]
[PlyCount "47"]
[EventDate "2018.07.12"]
[EventType "swiss"]
[EventCountry "GER"]
[SourceTitle "playchess.com"]
[Source "ChessBase"]
[SourceQuality "1"]
[TimeControl "40/5400+30:1800+30"]

1. Nf3 d5 2. d4 Nf6 3. Bf4 Nbd7 4. c4 c6 5. cxd5 Nxd5 6. Bd2 N7f6 (6... e5 $5) 7. Qc2 a5 8. Nc3 $14 Bg4 9. e4 Nb4 10. Qb3 Be6 11. Qd1 g6 12. a3 Na6 13. h3 Bg7 14. Be3 O-O 15. Qd2 b5 16. Bd3 b4 17. Ne2 Nd7 18. Rc1 Ndb8 19. Bh6 Qb6 20. h4 c5 21. h5 Bg4 22. Bxg7 Kxg7 23. hxg6 Qxg6 24. Ne5 1-0

[Event "EYTCC Open U18 2018"]
[Site "Bad Blankeburg"]
[Date "2018.07.13"]
[Round "2"]
[White "Morgunov, Daniel"]
[Black "Borhy, Marcell"]
[Result "1/2-1/2"]
[ECO "B52"]
[WhiteElo "2346"]
[BlackElo "2234"]
[Annotator "NA"]
[PlyCount "67"]
[EventDate "2018.07.12"]
[EventType "swiss"]
[EventCountry "GER"]
[SourceTitle "playchess.com"]
[Source "ChessBase"]
[SourceQuality "1"]
[TimeControl "40/5400+30:1800+30"]

1. e4 c5 2. Nf3 d6 3. Bb5+ Bd7 4. c4 Nf6 5. Nc3 g6 6. d4 cxd4 7. Nxd4 Bg7 8. O-O O-O 9. h3 Nc6 10. Bxc6 Bxc6 11. Qd3 Nd7 12. Be3 Rc8 13. Rac1 b6 14. b3 $14 Nc5 15. Qb1 Qd7 16. Rfd1 Qb7 17. f3 Bd7 18. Nd5 Rfe8 19. b4 Ne6 20. Nxe6 Bxe6 21. Qb3 Bxd5 22. Rxd5 Rc6 23. a4 Rec8 24. b5 R6c7 25. a5 Qb8 26. Qd3 h5 27. Qe2 bxa5 28. Qa2 Qb7 29. Qxa5 Rxc4 30. Rxc4 Rxc4 31. Qxa7 Qxa7 32. Bxa7 Rc1+ 33. Kf2 Rb1 34. Be3 1/2-1/2

[Event "EYTCC Open U18 2018"]
[Site "Bad Blankeburg"]
[Date "2018.07.13"]
[Round "2"]
[White "Banzea, Alexandru Bogdan"]
[Black "Buckels, Valentin"]
[Result "1/2-1/2"]
[ECO "C84"]
[WhiteElo "2337"]
[BlackElo "2353"]
[Annotator "NA"]
[PlyCount "120"]
[EventDate "2018.07.12"]
[EventType "swiss"]
[EventCountry "GER"]
[SourceTitle "playchess.com"]
[Source "ChessBase"]
[SourceQuality "1"]
[TimeControl "40/5400+30:1800+30"]

1. e4 e5 2. Nf3 Nc6 3. Bb5 a6 4. Ba4 Nf6 5. O-O Be7 6. d3 b5 7. Bb3 d6 8. a3 O-O 9. Nc3 Bg4 10. Be3 Nd4 {[%emt 0:00:13] C84: Closed Ruy Lopez: Unusual White 6th moves} 11. Bxd4 exd4 12. Nd5 Nd7 (12... Nxd5 13. Bxd5 Rc8 14. a4 c6 15. Bb3 d5 16. h3 Bh5 17. axb5 axb5 18. exd5 {1-0 (47) Karjakin,S (2782)-Aronian,L (2764) Paris 2018}) 13. h3 Bxf3 14. Nxe7+ Qxe7 15. Qxf3 Rac8 {[%emt 0:10:40] [#]} 16. Qg3 $146 ({Predecessor:} 16. Qe2 Nc5 17. Ba2 Nd7 18. Bb3 Nc5 19. Ba2 Na4 20. Rab1 {½-½ (20) Yemelin,V (2558)-Danin,A (2602) Tallinn 2014}) 16... Nc5 17. Ba2 Na4 18. Rab1 c5 19. f4 Nb6 20. Qe1 Rfe8 21. Qa5 Qb7 $11 22. Rbe1 Re7 23. g4 c4 24. Qd2 Rce8 25. Qf2 d5 26. e5 Nd7 27. Qxd4 f6 28. dxc4 dxc4 29. b3 fxe5 30. Qf2 e4 31. bxc4 e3 32. Qf3 Qa7 33. Re2 Kh8 34. cxb5 axb5 35. Bd5 Rf8 36. Rd1 Qxa3 37. Kg2 Qc5 38. Bb3 Nb6 39. Rd3 Rfe8 40. f5 Nc4 41. Qd5 Qb6 42. Bxc4 bxc4 43. Qxc4 Re4 44. Qd5 Qb8 45. Qd6 Qa8 46. Kh2 R4e5 47. Kg3 Qa1 48. Rd1 Qa8 49. c4 Qc8 50. Rd5 Rxd5 51. Qxd5 Qb8+ 52. Kg2 Qf4 53. c5 h5 54. f6 Re5 55. fxg7+ Kxg7 56. Qf3 Qxf3+ 57. Kxf3 hxg4+ 58. hxg4 Rxc5 59. Rxe3 Kg6 60. Kg3 Kg5 1/2-1/2

[Event "EYTCC Open U18 2018"]
[Site "Bad Blankeburg"]
[Date "2018.07.13"]
[Round "2"]
[White "Urban, Konstantin"]
[Black "Stoleriu, George"]
[Result "1/2-1/2"]
[ECO "E00"]
[WhiteElo "2325"]
[BlackElo "2347"]
[Annotator "NA"]
[PlyCount "111"]
[EventDate "2018.07.12"]
[EventType "swiss"]
[EventCountry "GER"]
[SourceTitle "playchess.com"]
[Source "ChessBase"]
[SourceQuality "1"]
[TimeControl "40/5400+30:1800+30"]

1. d4 e6 2. c4 Bb4+ 3. Nc3 f5 4. Bd2 Nf6 5. Nf3 O-O 6. g3 b6 7. Bg2 Bb7 8. O-O Bxc3 9. Bxc3 Ne4 10. Qc2 Nxc3 11. Qxc3 Qf6 12. c5 $11 Be4 13. cxb6 cxb6 14. Ne5 Bxg2 15. Kxg2 Qd8 16. Rac1 d6 17. Nd3 Nd7 18. Qb4 Nf6 19. Rc6 Ne4 20. f3 Qd7 21. Rfc1 Nc5 22. Qb5 Nxd3 23. Qxd3 Rac8 24. Qc3 Rxc6 25. Qxc6 Rd8 26. Qxd7 Rxd7 27. Kf2 Kf7 28. b4 b5 29. e4 fxe4 30. fxe4 Ke7 31. Ke3 Rd8 32. Rc7+ Rd7 33. Rc6 Rd8 34. h4 Rd7 35. h5 Rd8 36. Kf4 h6 37. Kg4 Rd7 38. Kf4 Rd8 39. d5 Rf8+ 40. Kg4 Rd8 41. Rc7+ Rd7 42. Rc8 a5 43. bxa5 Ra7 44. Rb8 Rxa5 45. Rb7+ Kf6 46. dxe6 Rxa2 47. e7 Ra8 48. Rd7 Re8 49. Rxd6+ Ke5 50. Rd7 Kxe4 51. Rb7 Ke5 52. Rxb5+ Kf6 53. Rb6+ Kxe7 54. Kf5 Kf7 55. Rb7+ Re7 56. Rb6 1/2-1/2

[Event "EYTCC Open U18 2018"]
[Site "Bad Blankeburg"]
[Date "2018.07.13"]
[Round "2"]
[White "Vasiesiu, Victor"]
[Black "Roseneck, Jonas"]
[Result "1-0"]
[ECO "B23"]
[WhiteElo "2295"]
[BlackElo "2182"]
[Annotator "NA"]
[PlyCount "45"]
[EventDate "2018.07.12"]
[EventType "swiss"]
[EventCountry "GER"]
[SourceTitle "playchess.com"]
[Source "ChessBase"]
[SourceQuality "1"]
[TimeControl "40/5400+30:1800+30"]

1. e4 c5 2. Nc3 d6 3. d4 cxd4 4. Qxd4 Nc6 5. Qd2 g6 6. b3 Bg7 7. Bb2 Nf6 8. O-O-O O-O 9. f3 Be6 10. Kb1 a6 11. Nge2 Qa5 12. g4 $16 Rfc8 13. h4 h5 14. gxh5 Nxh5 15. f4 Bg4 16. Rg1 Bxe2 17. Bxe2 Nxf4 18. Qxf4 Bxc3 19. Bc4 Ne5 20. Bxf7+ Nxf7 21. Rxg6+ Kf8 22. Rf1 Ke8 23. Qxf7+ 1-0

[Event "EYTCC Open U18 2018"]
[Site "Bad Blankeburg"]
[Date "2018.07.13"]
[Round "2"]
[White "Kopylov, Daniel"]
[Black "Szustakowski, Antoni"]
[Result "1/2-1/2"]
[ECO "C01"]
[WhiteElo "2272"]
[BlackElo "2330"]
[Annotator "NA"]
[PlyCount "76"]
[EventDate "2018.07.12"]
[EventType "swiss"]
[EventCountry "GER"]
[SourceTitle "playchess.com"]
[Source "ChessBase"]
[SourceQuality "1"]
[TimeControl "40/5400+30:1800+30"]

1. e4 e6 2. d4 d5 3. exd5 exd5 4. Nf3 Bd6 5. c4 Nf6 6. Nc3 O-O 7. cxd5 Nbd7 8. Bg5 Be7 9. Qb3 Nb6 10. Bxf6 Bxf6 11. Be2 a5 12. a4 Bg4 13. O-O Bxf3 14. Bxf3 Bxd4 15. Rad1 $11 Bxc3 16. bxc3 Qd6 17. c4 Rfb8 18. Rfe1 Nd7 19. Re3 b6 20. Rde1 Nf6 21. Qb5 Kf8 22. Rc1 Nd7 23. Bg4 Nc5 24. Rce1 Rd8 25. g3 Rab8 26. h4 Kg8 27. h5 h6 28. Bd1 Nd7 29. Qc6 Qxc6 30. dxc6 Nf6 31. Re7 Re8 32. Kf1 Rbc8 33. Bf3 Kf8 34. R7e5 Rxe5 35. Rxe5 Re8 36. Rb5 Ne4 37. Bxe4 Rxe4 38. c5 Rxa4 1/2-1/2

[Event "EYTCC Open U18 2018"]
[Site "Bad Blankeburg"]
[Date "2018.07.13"]
[Round "2"]
[White "Bohus, Adam"]
[Black "Morgunov, Marc"]
[Result "0-1"]
[ECO "E11"]
[WhiteElo "2231"]
[BlackElo "2362"]
[Annotator "NA"]
[PlyCount "84"]
[EventDate "2018.07.12"]
[EventType "swiss"]
[EventCountry "GER"]
[SourceTitle "playchess.com"]
[Source "ChessBase"]
[SourceQuality "1"]
[TimeControl "40/5400+30:1800+30"]

1. d4 Nf6 2. c4 e6 3. Nf3 Bb4+ 4. Nbd2 b6 5. a3 Bxd2+ 6. Qxd2 Bb7 7. e3 d6 8. Be2 Nbd7 9. b4 O-O 10. Bb2 Ne4 11. Qc2 f5 12. Rd1 Qe7 13. d5 e5 $14 14. Bd3 Ndf6 15. Nd2 Nxf2 16. Kxf2 Ng4+ 17. Ke2 e4 18. h3 exd3+ 19. Qxd3 Nh6 20. Rde1 c6 21. dxc6 Bxc6 22. Nf3 Be4 23. Qc3 Rac8 24. Nd2 d5 25. Nxe4 fxe4 26. Rhf1 Rxc4 27. Rxf8+ Kxf8 28. Rf1+ Kg8 29. Qd2 Qe6 30. Rd1 Nf5 31. Qxd5 Rc2+ 32. Ke1 Qxd5 33. Rxd5 Nxe3 34. Rd8+ Kf7 35. Bd4 Nxg2+ 36. Kd1 Ra2 37. Rd7+ Ke6 38. Rd8 Rxa3 39. Re8+ Kf7 40. Rxe4 Rxh3 41. Ke2 Rh4 42. Kf3 Ne1+ 0-1

[Event "EYTCC Open U18 2018"]
[Site "Bad Blankeburg"]
[Date "2018.07.14"]
[Round "3"]
[White "Nikitenko, Mihail"]
[Black "Banzea, Alexandru-Bogdan"]
[Result "1-0"]
[ECO "B10"]
[WhiteElo "2371"]
[BlackElo "2337"]
[Annotator "NA"]
[PlyCount "93"]
[EventDate "2018.07.12"]
[EventType "swiss"]
[EventCountry "GER"]
[SourceTitle "playchess.com"]
[Source "ChessBase"]
[SourceQuality "1"]
[TimeControl "40/5400+30:1800+30"]

1. e4 c6 2. Nc3 d5 3. Nf3 Nf6 4. e5 Ne4 5. Ne2 Qb6 {[%emt 0:00:04] B11: Caro-Kann: Two Knights Variation} 6. d4 e6 7. Nfg1 f6 8. f3 Ng5 9. exf6 gxf6 10. f4 Nf7 11. Ng3 e5 12. Nf3 Bg4 $146 ({Predecessor:} 12... e4 13. Nh4 {1-0 (46) Lu,S (2627)-Tari,A (2584) Doha 2016}) 13. Be2 e4 14. Nh4 Bxe2 15. Nxe2 Nd7 16. Nf5 O-O-O 17. Ne3 Nd6 18. O-O h5 19. b3 Qa6 20. a4 Kb8 21. Ba3 Ka8 22. Qd2 h4 23. f5 Ne8 24. Nf4 Bxa3 25. Rxa3 Nf8 26. b4 Nd6 27. Qc3 Rh7 28. b5 cxb5 29. Nfxd5 Nc4 30. axb5 Qxa3 31. Qxc4 $14 Kb8 32. Qe2 Qb2 33. Rd1 Rhd7 34. Qc4 Rc8 35. Qb4 Qxb4 36. Nxb4 Rdc7 37. Nbd5 Rxc2 38. Nxc2 Rxc2 39. Re1 Kc8 40. Rxe4 Kd8 41. Nxf6 Rc8 42. g4 hxg3 43. hxg3 Kc7 44. g4 Kb6 45. g5 Kxb5 46. g6 Rc7 47. Ne8 1-0

[Event "EYTCC Open U18 2018"]
[Site "Bad Blankeburg"]
[Date "2018.07.14"]
[Round "3"]
[White "Szabo, Marton Mihaly"]
[Black "Subelj, Jan"]
[Result "0-1"]
[ECO "C44"]
[WhiteElo "2371"]
[BlackElo "2327"]
[Annotator "NA"]
[PlyCount "85"]
[EventDate "2018.07.12"]
[EventType "swiss"]
[EventCountry "GER"]
[SourceTitle "playchess.com"]
[Source "ChessBase"]
[SourceQuality "1"]
[TimeControl "40/5400+30:1800+30"]

1. e4 e5 2. Nf3 Nc6 3. d4 exd4 4. Nxd4 Nf6 5. Nxc6 bxc6 6. Qe2 {[%emt 0:00:20] LiveBook: 142 Games C45: Scotch Game} (6. Bd3 d5 7. e5 Ng4 8. O-O Bc5 9. Bf4 g5 10. Bd2 O-O 11. Nc3 Nxe5 12. Qh5 Nxd3 13. cxd3 f6 14. Rac1 Bf5 15. Rfe1 Bxd3 16. Qh3 Bg6 17. Qe6+ {½-½ (57) Vachier Lagrave,M (2789)-Anand,V (2759) Paris 2018}) 6... Bc5 7. e5 Nd5 8. Qg4 Kf8 9. c4 d6 $146 ({Predecessor:} 9... Nb6 10. Qe4 d5 11. exd6 Qf6 12. Qf4 Bf5 13. Be2 Re8 14. dxc7 {1-0 (33) Kulkarni,R (2390)-Vajda,L (2577) Budapest 2018}) 10. Qe4 Ne7 11. exd6 cxd6 12. Bd3 Qa5+ 13. Bd2 Qb6 14. O-O Qxb2 15. Bc3 Qb7 16. Nd2 d5 17. Qe5 f6 18. Qh5 Be6 19. Qe2 Bf7 20. Nb3 Bd6 21. c5 Bb8 $14 22. Ba6 Qd7 23. Rab1 Ng6 24. g3 Be5 25. Nd4 Re8 26. Qf3 h5 27. Rb7 Qh3 28. Rfb1 Bxd4 29. Bxd4 Nh4 30. Qh1 Bg6 31. gxh4 Be4 32. R7b3 Qf5 33. f3 Bxb1 34. Kf2 Qc2+ 35. Kg3 Qg6+ 36. Kf2 Bxa2 37. Rb2 Bc4 38. Bxc4 dxc4 39. Rd2 Qh6 40. Qc1 Qf4 41. Kf1 Qxf3+ 42. Bf2 Rh6 43. Qd1 0-1

[Event "EYTCC Open U18 2018"]
[Site "Bad Blankeburg"]
[Date "2018.07.14"]
[Round "3"]
[White "Morgunov, Marc"]
[Black "Teclaf, Pawel"]
[Result "1/2-1/2"]
[ECO "C04"]
[WhiteElo "2362"]
[BlackElo "2399"]
[Annotator "NA"]
[PlyCount "88"]
[EventDate "2018.07.12"]
[EventType "swiss"]
[EventCountry "GER"]
[SourceTitle "playchess.com"]
[Source "ChessBase"]
[SourceQuality "1"]
[TimeControl "40/5400+30:1800+30"]

1. e4 e6 2. d4 d5 3. Nd2 Nc6 4. Ngf3 Nf6 5. e5 Nd7 6. c3 Be7 7. Bd3 f6 (7... Ncb8 $14) 8. exf6 {[%emt 0:05:58] LiveBook: 5 Games} Bxf6 9. O-O O-O 10. Re1 Re8 11. b4 a6 $16 12. Qb3 b5 13. Nf1 Bb7 14. Qc2 h6 15. Qb3 Kh8 16. Ng3 e5 17. Bg6 Rf8 18. Qxd5 Be7 19. dxe5 Ndxe5 20. Rxe5 Rxf3 21. Qxf3 Nxe5 22. Qxb7 Nxg6 23. Qe4 Qe8 24. Bd2 Rd8 25. Qc2 Qc6 26. Re1 Bxb4 27. Qf5 Nh4 28. Qh3 Rxd2 29. cxb4 Ng6 30. Qf5 Qc2 31. Qf7 Rd1 32. Rxd1 Qxd1+ 33. Nf1 Qd6 34. Ne3 Kh7 35. g3 Qxb4 36. h4 Ne7 37. Kh2 Qe4 38. Ng2 Nd5 39. h5 Nf6 40. Nh4 Ng4+ 41. Kg1 Qb1+ 42. Kg2 Qe4+ 43. Kg1 Qe1+ 44. Kg2 Qe4+ 1/2-1/2

[Event "EYTCC Open U18 2018"]
[Site "Bad Blankeburg"]
[Date "2018.07.14"]
[Round "3"]
[White "Buckels, Valentin"]
[Black "Riess, Alexander"]
[Result "1-0"]
[ECO "D70"]
[WhiteElo "2353"]
[BlackElo "2292"]
[Annotator "NA"]
[PlyCount "129"]
[EventDate "2018.07.12"]
[EventType "swiss"]
[EventCountry "GER"]
[SourceTitle "playchess.com"]
[Source "ChessBase"]
[SourceQuality "1"]
[TimeControl "40/5400+30:1800+30"]

1. d4 Nf6 2. c4 g6 3. Nf3 Bg7 4. g3 d5 5. cxd5 Nxd5 6. Bg2 Nb6 7. Nc3 Nc6 8. e3 O-O 9. O-O Re8 10. a3 e5 11. d5 Na5 12. Qc2 Bd7 13. Rd1 e4 14. Nd4 Bg4 15. Re1 Nxd5 16. Nxe4 c5 17. Nb5 Bf8 18. Bd2 Qb6 19. Nbc3 Nxc3 20. Bxc3 Bf5 21. Bxa5 Bxe4 22. Bxe4 Qxa5 23. Bxb7 Rab8 24. Bd5 Bg7 25. Reb1 Red8 26. e4 Rdc8 27. Ra2 Qb6 28. b3 Bd4 29. Qc4 Rc7 30. Kg2 Kg7 31. Rd1 a5 32. Rd3 Re7 33. Rf3 f6 34. Rd3 Rbe8 35. b4 axb4 36. axb4 Rb8 37. bxc5 Bxc5 38. Rc3 Bd4 39. Rd3 Bc5 40. Rc2 Rc7 41. Rdc3 Bd6 42. Qxc7+ Bxc7 43. Rxc7+ Kh6 44. Rf7 Qd4 45. Rcc7 Rh8 46. Rc6 f5 47. Rxf5 Rc8 48. Ra6 Qd3 49. Rff6 Rc1 50. Kh3 Qf1+ 51. Kh4 Qe2 52. g4 Rg1 53. h3 Qd3 54. Rab6 Qd4 55. Ra6 Qd3 56. Rab6 Qd4 57. Ra6 Qd3 58. Rab6 Qd4 59. Rbc6 Qd2 60. Rf5 Qd4 61. Rh5+ Kg7 62. Rc7+ Kf8 63. Rf7+ Ke8 64. Rhxh7 Qe5 65. Bc6+ 1-0

[Event "EYTCC Open U18 2018"]
[Site "Bad Blankeburg"]
[Date "2018.07.14"]
[Round "3"]
[White "Stoleriu, George"]
[Black "Badelka, Olga"]
[Result "1/2-1/2"]
[ECO "B24"]
[WhiteElo "2347"]
[BlackElo "2407"]
[Annotator "NA"]
[PlyCount "77"]
[EventDate "2018.07.12"]
[EventType "swiss"]
[EventCountry "GER"]
[SourceTitle "playchess.com"]
[Source "ChessBase"]
[SourceQuality "1"]
[TimeControl "40/5400+30:1800+30"]

1. e4 c5 2. Nc3 Nc6 3. Bb5 Nd4 4. Bc4 e6 5. Nge2 Nf6 6. O-O {[%emt 0:00:25] LiveBook: 301 Games B23: Closed Sicilian: Lines without g3} a6 7. Bb3 (7. a4 d5 8. exd5 exd5 9. Ba2 Bd6 10. d3 O-O 11. Nxd4 cxd4 12. Ne2 Bg4 13. h3 Bxe2 14. Qxe2 Re8 15. Qf3 Re5 16. Bd2 Qd7 17. Rae1 Qxa4 18. Rxe5 Bxe5 19. Bb3 Qd7 20. Bg5 {½-½ (20) Pirs,M (2526)-Brodda,W (2591) GER email 2016}) 7... Nxb3 8. axb3 d6 9. d3 Be7 10. f4 Qc7 $146 ({Predecessor:} 10... O-O 11. Ng3 d5 12. Qe2 d4 13. Nd1 a5 {½-½ (26) Fernandez Vicente,C (2470)-Felytin,L (2469) ICCF email 2015}) 11. Kh1 Bd7 12. Ng1 O-O 13. Nf3 Bc6 14. Qe1 b5 15. Qg3 Kh8 16. Qh3 b4 17. Nd1 a5 18. f5 $15 (18. Ne3 $11) 18... exf5 19. Qxf5 d5 20. e5 Bd7 21. Qg5 Ng8 22. Qg3 Qc6 23. Ne3 Nh6 24. Bd2 Be6 25. Ng5 d4 26. Nxe6 fxe6 27. Nc4 Rxf1+ 28. Rxf1 Nf5 29. Qf3 Qxf3 30. Rxf3 Kg8 31. Rf1 Ra7 32. g3 Bd8 33. Kg2 h5 34. h3 Rf7 35. Rf2 Ra7 36. Rf1 Rf7 37. Rf2 Ra7 38. Rf1 Rf7 39. Rf2 1/2-1/2

[Event "EYTCC Open U18 2018"]
[Site "Bad Blankeburg"]
[Date "2018.07.14"]
[Round "3"]
[White "Szustakowski, Antoni"]
[Black "Morgunov, Daniel"]
[Result "1-0"]
[ECO "E97"]
[WhiteElo "2330"]
[BlackElo "2346"]
[Annotator "NA"]
[PlyCount "51"]
[EventDate "2018.07.12"]
[EventType "swiss"]
[EventCountry "GER"]
[SourceTitle "playchess.com"]
[Source "ChessBase"]
[SourceQuality "1"]
[TimeControl "40/5400+30:1800+30"]

1. d4 Nf6 2. c4 g6 3. Nc3 Bg7 4. e4 d6 5. Be2 O-O 6. Nf3 e5 7. O-O Nc6 8. d5 Ne7 9. a4 Nh5 {[%emt 0:04:40] LiveBook: 28 Games E97: King's Indian: Classical Main Line (6...e5 7 0-0 Nc6): 8 Be3 and 8 d5 Ne7, not 9 Ne1} 10. a5 a6 11. Re1 Nf4 $146 ({Predecessor:} 11... h6 12. c5 Nf4 13. Bf1 g5 14. cxd6 cxd6 15. Nd2 f5 16. g3 Nfg6 17. Nc4 {0-1 (71) Matlakov,M (2696)-Gordievsky,D (2491) Kaliningrad 2015}) 12. Bf1 f5 13. Ra3 ({Günstiger ist} 13. Bxf4 $1 $16 exf4 14. e5) 13... h6 14. Bxf4 exf4 15. e5 dxe5 16. Nxe5 Qd6 {[%emt 0:02:21] [#]} 17. Nd3 $1 g5 18. c5 Qf6 (18... Qd8 $16 {keeps fighting.}) 19. Ne5 $18 Re8 20. d6 cxd6 21. cxd6 Nc6 22. Nxc6 Rxe1 23. Qxe1 bxc6 24. Qe8+ Bf8 25. d7 Bb7 26. Rb3 1-0

[Event "EYTCC Open U18 2018"]
[Site "Bad Blankeburg"]
[Date "2018.07.14"]
[Round "3"]
[White "Amon, Nejc"]
[Black "Vanczak, Tamas"]
[Result "1-0"]
[ECO "B90"]
[WhiteElo "2295"]
[BlackElo "2339"]
[Annotator "NA"]
[PlyCount "83"]
[EventDate "2018.07.12"]
[EventType "swiss"]
[EventCountry "GER"]
[SourceTitle "playchess.com"]
[Source "ChessBase"]
[SourceQuality "1"]
[TimeControl "40/5400+30:1800+30"]

1. e4 c5 2. Nf3 d6 3. d4 cxd4 4. Nxd4 Nf6 5. Nc3 a6 6. Be3 e5 7. Nb3 Be7 8. f3 Be6 9. Qd2 Nbd7 10. O-O-O b5 11. g4 h6 12. h4 Nb6 13. Qf2 Nfd7 14. Kb1 Nc4 {[%emt 0:23:08] LiveBook: 30 Games} 15. Bxc4 bxc4 16. Nc1 $16 Rb8 17. N1e2 Qa5 18. Ka1 Qb4 19. Rb1 O-O 20. g5 Kh7 21. f4 exf4 22. Nxf4 Ne5 23. Qg3 Qb7 24. Rhg1 Bg4 25. gxh6 g6 26. Nfd5 f6 27. Bd4 Bh5 28. Nf4 Rg8 29. Bxe5 fxe5 30. Nxh5 gxh5 31. Qh2 Rxg1 32. Qxg1 Rg8 33. Qf2 Rf8 34. Qg3 Rg8 35. Qf2 Rf8 36. Qe2 Kxh6 37. Rg1 Bxh4 38. Qd2+ Kh7 39. Qxd6 Qf7 40. Qxe5 Qf1+ 41. Rxf1 Rxf1+ 42. Nb1 1-0

[Event "EYTCC Open U18 2018"]
[Site "Bad Blankeburg"]
[Date "2018.07.14"]
[Round "3"]
[White "Pajeken, Jakob Leon"]
[Black "Urban, Konstantin"]
[Result "1/2-1/2"]
[ECO "A49"]
[WhiteElo "2273"]
[BlackElo "2325"]
[Annotator "NA"]
[PlyCount "74"]
[EventDate "2018.07.12"]
[EventType "swiss"]
[EventCountry "GER"]
[SourceTitle "playchess.com"]
[Source "ChessBase"]
[SourceQuality "1"]
[TimeControl "40/5400+30:1800+30"]

1. d4 Nf6 2. Nf3 g6 3. g3 Bg7 4. Bg2 O-O 5. O-O d6 6. b3 c5 7. c4 e5 {[%emt 0:02:19] E60: King's Indian: Unusual lines and Fianchetto Variation without Nc3} (7... Nc6 8. Bb2 cxd4 9. Nxd4 Bd7 10. Nc3 Nxd4 11. Qxd4 Bc6 12. Qd2 Qa5 13. Rfd1 Bxg2 14. Kxg2 Rfc8 15. Qe3 Ng4 16. Qf3 Ne5 17. Qxb7 Rab8 18. Qd5 Nxc4 19. Qxa5 Nxa5 {½-½ (38) Dreev,A (2653)-Guseinov,G (2646) chess.com INT 2018}) 8. dxe5 dxe5 9. Qxd8 ({Much weaker is} 9. Nxe5 Nfd7 $15) 9... Rxd8 10. Bb2 e4 11. Nfd2 {[%emt 0:00:34] LiveBook: 3 Partien} Bf5 12. g4 Bxg4 13. Nxe4 Nxe4 14. Bxg7 Kxg7 15. Bxe4 Nc6 $146 16. Bxc6 bxc6 17. f3 Bh3 18. Re1 Rd4 19. Nc3 Re8 20. Ne4 Re5 (20... Bf5 $5 ) 21. e3 Rd8 22. Kf2 $1 Bf5 23. Nc3 Rd3 24. Na4 Bc8 25. Rad1 Rexe3 $1 26. Rxe3 Rxd1 27. Nxc5 Bf5 28. a4 h5 29. a5 h4 30. a6 h3 31. Re2 Ra1 32. f4 Ra5 33. b4 Ra1 34. Re1 Ra3 35. Re3 $11 Ra2+ 36. Re2 Ra1 37. Re1 Ra2+ 1/2-1/2

[Event "EYTCC Open U18 2018"]
[Site "Bad Blankeburg"]
[Date "2018.07.14"]
[Round "3"]
[White "Borhy, Marcell"]
[Black "Stevanic, David"]
[Result "0-1"]
[ECO "A05"]
[WhiteElo "2234"]
[BlackElo "2253"]
[Annotator "NA"]
[PlyCount "74"]
[EventDate "2018.07.12"]
[EventType "swiss"]
[EventCountry "GER"]
[SourceTitle "playchess.com"]
[Source "ChessBase"]
[SourceQuality "1"]
[TimeControl "40/5400+30:1800+30"]

1. Nf3 Nf6 2. g3 d5 3. Bg2 Bg4 4. c4 c6 5. cxd5 cxd5 6. Ne5 Bf5 7. Nc3 {[%emt 0:07:00] LiveBook: 106 Games} Nc6 8. d4 Qb6 9. Nxc6 bxc6 10. O-O e6 11. Na4 Qb5 12. Bf4 Be7 13. Re1 O-O 14. Bf1 Qb7 15. Rc1 $11 Nd7 16. f3 Rfc8 17. Be3 a5 18. a3 e5 19. dxe5 c5 20. f4 d4 21. Bg2 Qb5 22. Bf2 Be6 23. Be4 Rab8 24. Bd3 Qc6 25. Bxd4 Bb3 26. Bc2 Qxa4 27. Bc3 Bxc2 28. Qxc2 Qb5 29. Qf5 c4 30. Qg4 g6 31. e6 f5 32. Qh3 Nc5 33. Qh6 Bf8 34. Qh4 Ne4 35. e7 Qc5+ 36. e3 Bxe7 37. Qh3 Nxc3 0-1

[Event "EYTCC Open U18 2018"]
[Site "Bad Blankeburg"]
[Date "2018.07.14"]
[Round "3"]
[White "Roseneck, Jonas"]
[Black "Kopylov, Daniel"]
[Result "1/2-1/2"]
[ECO "C07"]
[WhiteElo "2182"]
[BlackElo "2272"]
[Annotator "NA"]
[PlyCount "147"]
[EventDate "2018.07.12"]
[EventType "swiss"]
[EventCountry "GER"]
[SourceTitle "playchess.com"]
[Source "ChessBase"]
[SourceQuality "1"]
[TimeControl "40/5400+30:1800+30"]

1. e4 e6 2. d4 d5 3. Nd2 c5 4. exd5 Qxd5 5. Ngf3 cxd4 6. Bc4 Qd7 7. O-O Nc6 8. Nb3 a6 9. Nbxd4 Nxd4 10. Nxd4 Qc7 11. Bb3 Bd6 12. h3 Ne7 13. Re1 O-O 14. c3 Bd7 15. Bg5 h6 16. Be3 Rad8 17. Qh5 Bh2+ 18. Kh1 Bf4 19. Qf3 Bxe3 20. Qxe3 Nc6 21. Nf3 Ne7 22. Ne5 Bc6 23. Kg1 Nd5 24. Qg3 Nf6 25. Rad1 Be4 26. Qf4 Rxd1 27. Rxd1 Rd8 28. Rxd8+ Qxd8 29. Ng4 Bc6 30. Nxf6+ Qxf6 31. Qxf6 gxf6 32. g3 Kf8 33. Kf1 Ke7 34. Ke2 f5 35. Ke3 e5 36. f4 f6 37. g4 fxg4 38. hxg4 Kd6 39. Bc2 Bd7 40. Kf3 b6 41. Bd3 a5 42. Bc2 Be6 43. a3 Bd7 44. b3 Be8 45. Ke3 Bf7 46. b4 Bd5 47. Bd3 Bb3 48. c4 Bd1 49. Bf5 Ba4 50. Be4 axb4 51. axb4 Bd7 52. Kf3 Be8 53. Ke3 Bd7 54. Kf3 Bc8 55. Kg3 Be6 56. Bd3 Bc8 57. Be4 $11 Ba6 58. Bd5 Bb5 59. Kf3 Ba4 60. Bg8 Bd1+ 61. Kg3 Be2 62. Bf7 e4 63. g5 hxg5 64. fxg5 fxg5 65. Kf2 Bf3 66. Ke3 Ke5 67. c5 bxc5 68. bxc5 g4 69. c6 Kd6 70. Kf4 Kxc6 71. Be6 Kc5 72. Bxg4 Kd4 73. Bxf3 exf3 74. Kxf3 1/2-1/2